 Dungeon Crawl Stone Soup version 0.29-a0-789-g7a8fcbc185 (webtiles) character file.

Game seed: 17861900831837065413

2907 HoaS the Skirmisher (level 9, -1/48 HPs)
             Began as a Gargoyle Hunter on July 2, 2022.
             Slain by a yak (3 damage)
             ... on level 7 of the Dungeon.
             The game lasted 00:10:27 (7697 turns).

HoaS the Skirmisher (Gargoyle Hunter)               Turns: 7697, Time: 00:10:28

Health: -1/48      AC: 14    Str: 14    XL:     9   Next: 78%
Magic:  9/9        EV: 11    Int: 11    God:
Gold:   318        SH:  0    Dex: 17    Spells: 8/8 levels left

rFire   . . .      SeeInvis .   a - +0 shortbow (venom)
rCold   . . .      Faith    .   (shield currently unavailable)
rNeg    + . .      Spirit   .   e - +1 ring mail
rPois   ∞          Reflect  .   g - +0 helmet
rElec   +          Harm     .   (no cloak)
rCorr   +          Rampage  .   (no gloves)
Will    .....                   r - +0 pair of boots
Stlth   +.........              (no amulet)
HPRegen 0.16/turn               i - ring of resist corrosion
MPRegen 0.11/turn               (no ring)

@: flying
A: sickness immunity, AC +6, negative energy resistance 1, electricity
resistance, torment resistance 1, petrification resistance
a: no special abilities


You were on level 7 of the Dungeon.
You visited 1 branch of the dungeon, and saw 7 of its levels.

You collected 318 gold pieces.

Inventory:

Hand Weapons
 a - a +0 shortbow of venom (weapon)
Armour
 e - a +1 ring mail (worn)
 g - a +0 helmet (worn)
 r - a +0 pair of boots (worn)
Jewellery
 i - a ring of resist corrosion (left hand)
 v - a ring of willpower
Wands
 l - a wand of flame (39)
 m - a wand of charming (1)
Scrolls
 b - a scroll of immolation
 c - a scroll of brand weapon
 d - 2 scrolls of teleportation
 o - a scroll of summoning
 s - 2 scrolls of fear
Potions
 f - 3 potions of curing
 h - a potion of attraction
 j - a potion of invisibility
 n - 2 potions of lignification {unknown}
 p - 2 potions of heal wounds
 q - a potion of haste {unknown}
 t - a potion of might


   Skills:
 - Level 2.1 Fighting
 + Level 13.6 Ranged Weapons
 - Level 1.5 Dodging
 - Level 1.1 Stealth


You had 8 spell levels left.
You didn't know any spells.
Your spell library contained the following spells:

 Spells                   Type           Power      Damage    Failure   Level
 Apportation              Tloc           0%         N/A       58%         1
 Foxfire                  Conj/Fire      0%         2x1d4     58%         1
 Necrotize                Necr           0%         1d4       58%         1
 Sting                    Tmut/Pois      0%         1d3       58%         1
 Summon Small Mammal      Summ           0%         N/A       58%         1
 Poisonous Vapours        Pois/Air       0%         N/A       73%         2
 Conjure Flame            Conj/Fire      0%         6-21      91%         3
 Inner Flame              Hex/Fire       0%         N/A       91%         3
 Corpse Rot               Necr/Pois/Air  0%         N/A       100%        4
 Flame Wave               Conj/Fire      0%         2d4       100%        4
 Olgreb's Toxic Radiance  Pois           0%         N/A       100%        4


Dungeon Overview and Level Annotations

Branches:
Dungeon (7/15)             Temple (0/1) D:7

Altars:
Fedhas
Qazlal
Ru
Trog
Vehumet
Wu Jian
Xom


Innate Abilities, Weirdness & Mutations

You are immune to sickness and miasma.
Your stone body is resilient. (AC +6)
You are immune to poison.
You resist negative energy. (rN+)
You are resistant to electric shocks. (rElec)
You are resistant to unholy torment.
You are immune to petrification.


Message History

You are too injured to fight recklessly!
You are too injured to fight recklessly!
You are too injured to fight recklessly!
You feel very buoyant.
You fly up into the air.
The yak gores you.
You feel more buoyant. The yak barely misses you.
You feel more buoyant. The yak gores you.
You feel more buoyant. The yak gores you!
* * * LOW HITPOINT WARNING * * *
Fire: a) +0 shortbow (venom)
Press: ? - help, Q - select action, (/) - cycle Shift-Dir - straight line, f/p - yak
Aim: a yak (severely wounded, extremely poisoned)
You shoot an arrow. The arrow barely misses the yak.
The arrow hits the yak.
The yak is lightly wounded.
The yak gores you but does no damage.
Fire: a) +0 shortbow (venom)
Press: ? - help, Q - select action, (/) - cycle Shift-Dir - straight line, f/p - yak
Aim: a yak (severely wounded, very poisoned)
You shoot an arrow. The arrow barely misses the yak.
The arrow hits the yak.
The yak is poisoned.
The yak is lightly wounded.
The yak gores you!
* * * LOW HITPOINT WARNING * * *
Fire: a) +0 shortbow (venom)
Press: ? - help, Q - select action, (/) - cycle Shift-Dir - straight line, f/p - yak
Aim: a yak (severely wounded, very poisoned)
You shoot an arrow. The arrow hits the yak!
You kill the yak!
Fire: a) +0 shortbow (venom)
Press: ? - help, Q - select action, (/) - cycle Shift-Dir - straight line, f - yak
Aim: a yak (lightly wounded, very poisoned)
You shoot an arrow. The arrow hits the yak.
The yak looks as sick as possible!
The yak is lightly wounded.
The yak attacks as you move away! The yak gores you but does no damage.
The yak attacks as you move away! The yak gores you but does no damage.
The yak attacks as you move away! The yak gores you.
You die...

#....####.########.b.##..#####...
#................'..)'..># #.##
#...#####.########..)##### #.#
#...# #........'...<# #.## #...#
##########....# #... #...#
#....########### #####
#...............
########'#############
#...Y@................
#.#################### #.# #.#
#.# # #†# # *****#†# # *,,,,..# #
*,,,,..# #


You could see a yak (very poisoned).

Vanquished Creatures
  Joseph (D:7)
  Sigmund (D:2)
  2 yaks (D:7)
  A steam dragon (D:6)
  2 water moccasins
  Pargi (D:3)
  2 ogres
  2 centaurs
  3 bullfrogs
  A scorpion (D:6)
  3 wights (D:6)
  6 killer bees (D:7)
  A howler monkey (D:6)
  5 hounds
  3 jellies
  2 orc priests (D:6)
  A bouda (D:4)
  2 orc wizards
  3 iguanas
  3 adders (D:3)
  7 gnolls
  A shadow imp (D:4)
  An ufetubus (D:5)
  4 worms
  3 dart slugs
  16 orcs
  5 ball pythons
  8 endoplasms
  2 giant cockroaches (D:3)
  4 goblins
  5 hobgoblins
  2 quokkas
  9 bats
  4 frilled lizards (D:1)
  6 kobolds
  4 rats
126 creatures vanquished.

Notes
Turn   | Place    | Note
-------+----------+-------------------------------------------
     0 | D:1      | HoaS the Gargoyle Hunter began the quest for the Orb.
     0 | D:1      | Reached XP level 1. HP: 12/12 MP: 1/1
   135 | D:1      | Reached XP level 2. HP: 17/17 MP: 2/2
   481 | D:1      | Found a faded altar of an unknown god.
   683 | D:2      | Reached XP level 3. HP: 2/21 MP: 3/3
   966 | D:2      | Noticed Sigmund
  1074 | D:2      | Reached skill level 5 in Ranged Weapons
  1666 | D:3      | Reached XP level 4. HP: 26/26 MP: 4/4
  1761 | D:3      | Reached skill level 6 in Ranged Weapons
  2082 | D:2      | Killed Sigmund
  2083 | D:2      | Reached skill level 7 in Ranged Weapons
  2083 | D:2      | Reached XP level 5. HP: 15/30 MP: 5/5
  2083 | D:2      | Reached XP level 6. HP: 18/35 MP: 6/6
  3044 | D:4      | Found a sacrificial altar of Ru.
  3086 | D:4      | Reached skill level 8 in Ranged Weapons
  3086 | D:4      | Reached XP level 7. HP: 40/40 MP: 7/7
  3099 | D:4      | Noticed Pargi
  3123 | D:3      | Killed Pargi
  3316 | D:3      | Reached skill level 9 in Ranged Weapons
  3890 | D:5      | Entered Level 5 of the Dungeon
  3896 | D:5      | Found a stormy altar of Qazlal.
  5130 | D:6      | Reached XP level 8. HP: 30/44 MP: 8/8
  5273 | D:6      | Reached skill level 10 in Ranged Weapons
  5444 | D:6      | Found a bloodstained altar of Trog.
  5447 | D:6      | Found a radiant altar of Vehumet.
  5450 | D:6      | Found an ornate altar of the Wu Jian Council.
  5453 | D:6      | Found a blossoming altar of Fedhas.
  5612 | D:6      | Reached skill level 11 in Ranged Weapons
  6212 | D:6      | Reached XP level 9. HP: 48/48 MP: 9/9
  6423 | D:6      | Reached skill level 12 in Ranged Weapons
  6583 | D:7      | Found a shimmering altar of Xom.
  6656 | D:7      | Noticed Joseph
  6668 | D:7      | Killed Joseph
  6816 | D:7      | Reached skill level 13 in Ranged Weapons
  7134 | D:7      | Found a flagged portal.
  7687 | D:7      | HP: 1/48 [yak (8)]
  7697 | D:7      | Slain by a yak

Illustrated notes

Levels and vault maps discovered:
D:1:      dreamdust_arrival_beginning_and_end, layout_loops_ring,
          shapermc_ecumenical_altar_pompeii
D:2:      layout_basic, uniq_sigmund
D:3:      layout_rooms
D:4:      layout_cave_pools, nicolae_ru_the_path_less_chosen, uniq_pargi
D:5:      layout_layer_cave, overflow_temple_1_default, minmay_misc_feat_pillars
D:6:      layout_loops_ring, grunt_temple_overflow_cloverleaf
D:7:      layout_basic, xom_butterflies, minmay_temple_entry_drinking_statues,
          enter_bailey_7, uniq_joseph

Skill      XL: |  1  2  3  4  5  6  7  8  9 |
---------------+----------------------------+-----
Ranged Weapons | 5 7 8 9 11 13 | 13.6
Fighting       | |  2.1
Dodging        | |  1.5
Stealth        | |  1.1

Action                   |  1- 3 |  4- 6 |  7- 9 || total
-------------------------+-------+-------+-------++-------
Melee: Shortbow          |       |       |     2 ||     2
 Fire: Shortbow          |    87 |    74 |   273 ||   434
  Use: Scroll            |    11 |     4 |     4 ||    19
       Potion            |       |     1 |     7 ||     8
Armor: Leather armour    |    13 |     1 |       ||    14
       Ring mail         |       |    22 |    96 ||   118
Dodge: Dodged            |    13 |    11 |   114 ||   138

Table legend: (Time is in decaauts)
 A = Elapsed time spent in this place.
 B = Non-inter-level travel time spent in this place.
 C = Inter-level travel time spent in this place.
 D = Time resting spent in this place.
 E = Time spent auto-exploring this place.
 F = Levels seen in this place.
 G = Mean time per level.
                   A        B        C        D        E       F      G
               +--------+--------+--------+--------+--------+-----+--------+
         Total |   7764 |   7543 |    221 |   2798 |   3822 |   7 | 1109.1 |
       Dungeon |   7764 |   7543 |    221 |   2798 |   3822 |   7 | 1109.1 |
               +--------+--------+--------+--------+--------+-----+--------+

Top non-repeatable levels by time:
     D:6: 1403 daAuts
     D:3: 1393 daAuts
     D:2: 1362 daAuts
     D:5: 1233 daAuts
     D:7: 1174 daAuts
     D:4: 614 daAuts
     D:1: 581 daAuts
